 Dungeon Crawl Stone Soup version 0.31-a0-1098-g6898e6545c (webtiles) character file.

Game seed: 8986791266819994527

302 KuroJack the Caller (level 6, -4/41 HPs)
             Began as a Barachi Summoner on Nov 30, 2023.
             Was an Initiate of Gozag.
             Slain by a kobold brigand
             ... wielding a +0 club
              (10 damage)
             ... in a sewer.
             The game lasted 00:11:00 (6330 turns).

KuroJack the Caller (Barachi Summoner)              Turns: 6330, Time: 00:11:01

Health: -4/41      AC:  2    Str:  9    XL:     6   Next: 37%
Magic:  4/10       EV: 12    Int: 17    God:    Gozag
Gold:   389        SH:  0    Dex: 13    Spells: 1/11 levels left

rFire   . . .        l - +0 dagger (venom)
rCold   . . .        (no shield)
rNeg    . . .        a - +0 robe
rPois   .            (no helmet)
rElec   .            (no cloak)
rCorr   .            (no gloves)
SInv    .            (no boots)
Will    .....        (no amulet)
Stlth   ++           (no ring)
HPRegen 0.26/turn    (no ring)
MPRegen 0.12/turn

%: clarity
@: slow
A: amphibious, slowness 1, strong legs 1, +LOS, clarity, MP-powered wands
a: Hop, Renounce Religion, Potion Petition, Call Merchant, Bribe Branch


You were in a sewer.
You worshipped Gozag.
Gozag was aware of your devotion.
You visited 1 branch of the dungeon, and saw 5 of its levels.
You also visited: Sewer.

You collected 429 gold pieces.
You paid 40 gold pieces to Gozag.

Inventory:

Hand Weapons
 l - a +0 dagger of venom (weapon)
Armour
 a - a +0 robe (worn)
 r - a +2 helmet
Jewellery
 s - a ring of see invisible
Scrolls
 c - a scroll of butterflies {unknown}
 f - 6 scrolls of identify {unknown}
 g - a scroll of poison {unknown}
 h - 2 scrolls of enchant armour {unknown}
 i - a scroll of blinking {unknown}
 j - 3 scrolls of revelation {unknown}
 m - 2 scrolls of teleportation {unknown}
 o - a scroll of enchant weapon {unknown}
 p - 5 scrolls of immolation {unknown}
Potions
 b - 3 potions of magic
 d - a potion of degeneration {unknown}
 e - a potion of heal wounds {unknown}
 k - a potion of might {unknown}
 n - a potion of mutation
 q - a potion of invisibility {unknown}
 t - a potion of lignification {unknown}


   Skills:
 - Level 2.1 Dodging
 - Level 1.7 Stealth
 - Level 3.0 Spellcasting
 - Level 7.0 Summonings
 + Level 4.3 Air Magic


You had one spell level left.
You knew the following spells:

 Your Spells              Type           Power      Damage    Failure   Level
a - Summon Small Mammal   Summ           100%       N/A       1%          1
b - Call Imp              Summ           52%        N/A       1%          2
c - Call Canine Familiar  Summ           26%        N/A       3%          3
d - Summon Lightning Spi  Summ/Air       21%        N/A       17%         4

Your spell library contained the following spells:

 Spells                   Type           Power      Damage    Failure   Level
 Apportation              Tloc           4%         N/A       17%         1
 Necrotise                Necr           8%         1d4       17%         1
 Summon Guardian Golem    Hex/Summ       14%        N/A       12%         3
 Cigotuvi's Dreadful Rot  Necr/Pois/Air  14%        N/A       14%         2
 Ignite Poison            Fire/Tmut/Pois 2%         N/A       45%         3
 Sigil of Binding         Hex            2%         N/A       45%         3
 Dimensional Bullseye     Hex/Tloc       1%         N/A       86%         4
 Leda's Liquefaction      Hex/Erth       1%         N/A       86%         4
 Freezing Cloud           Conj/Ice/Air   3%         6-21      95%         5


Dungeon Overview and Level Annotations

Branches:
Dungeon (5/15)              Sewer (1/1)
 Temple: D:4-7

Altars:
Gozag
Ru
Uskayaw


Innate Abilities, Weirdness & Mutations

You are amphibious.
You cover ground slowly.
You can hop short distances.
You have an extended range of vision and can be seen from far away.
You possess an exceptional clarity of mind.
You expend magic power (3 MP) to strengthen your wands.


Message History

The kobold brigand hits your hound with a +0 club.
Your hound dies!
Your hound's corpse disappears in a puff of smoke!
You feel sick.
The endoplasm quivers.
You closely miss the kobold brigand.
The kobold brigand is heavily wounded.
You feel sick.
The kobold brigand splashes around in the water.
You closely miss the kobold brigand.
The kobold brigand is heavily wounded.
You feel sick.
The kobold brigand hits you with a +0 club!
You hit the kobold brigand.
The kobold brigand is heavily wounded.
You feel sick. The kobold brigand barely misses you.
Casting: Call Canine Familiar (dangerous; 3% risk of failure)
Confirm with . or Enter, or press ? or * to list all spells.
A tiny devil pulls itself out of the air.
You feel sick.
The kobold brigand splashes around in the water.
The endoplasm freezes you.
You are frozen.
Casting: Call Imp (safe; 1% risk of failure)
Confirm with . or Enter, or press ? or * to list all spells.
You feel sick.
You are no longer poisoned.
Your cerulean imp barely misses the endoplasm.
The endoplasm freezes you.
You are frozen.
* * * LOW HITPOINT WARNING * * *
The kobold brigand hits you with a +0 club.
* * * LOW HITPOINT WARNING * * *
It was a potion of mutation.
You feel extremely strange.
Your thoughts seem clearer.
You feel your magical essence link to the dungeon's wands.
The endoplasm splashes around in the water.
The kobold brigand hits you with a +0 club!
You die...
Your body crumbles into a pile of gold.

#..~~##~. #~~~~~..
#~~.~.. #.~~~.~
#~.~.~~ #~~....
####### ##~~.~~~
#.~~K~##### ##~~~~~..
#@~~.~####~~..##~~
#.~5Jh###~~~~~~~.####~
####### #~~~~~.~~# #~
#.~~~~###~~..~~.## ..
#####.~~.~####### ~~
#.~~~~##### ~~.
####### .#


You could see a kobold brigand, an endoplasm (ally target), a friendly hound
(summoned) and a friendly cerulean imp (summoned).

Vanquished Creatures
  Ijyb (D:5)
  2 orc wizards (D:4)
  An adder (D:4)
  A ball python (D:2)
  3 bats
  2 giant cockroaches
  2 hobgoblins
  A jackal (D:2)
  A quokka (D:4)
  A frilled lizard (D:3)
  A kobold (D:4)
  2 rats
18 creatures vanquished.

Vanquished Creatures (collateral kills)
  An iguana (D:4)
  An orc wizard (D:4)
  2 adders (D:3)
  2 ufetubi (D:5)
  4 worms
  5 dart slugs
  8 orcs
  11 endoplasms
  5 giant cockroaches
  6 goblins
  7 hobgoblins
  3 jackals (D:2)
  8 kobolds
  2 quokkas
  10 ball pythons
  5 bats
  3 frilled lizards
  6 rats
89 creatures vanquished.

Grand Total: 107 creatures vanquished

Notes
Turn   | Place    | Note
-------+----------+-------------------------------------------
     0 | D:1      | KuroJack the Barachi Summoner began the quest for the Orb.
     0 | D:1      | Reached XP level 1. HP: 13/13 MP: 3/3
    19 | D:1      | Reached skill level 5 in Summonings
    77 | D:1      | Reached XP level 2. HP: 15/19 MP: 0/5
    86 | D:1      | Learned a level 2 spell: Call Imp
  1101 | D:1      | Reached XP level 3. HP: 24/24 MP: 3/6
  1109 | D:1      | Learned a level 3 spell: Call Canine Familiar
  1224 | D:1      | Reached skill level 6 in Summonings
  1931 | D:2      | Found a faded altar of an unknown god.
  2028 | D:2      | Reached XP level 4. HP: 24/30 MP: 4/7
  2716 | D:3      | Reached skill level 7 in Summonings
  2761 | D:3      | Found a hide-covered altar of Uskayaw.
  3249 | D:3      | Found an opulent altar of Gozag.
  3249 | D:3      | Found a sacrificial altar of Ru.
  3346 | D:3      | Became a worshipper of Gozag Ym Sagoz the Greedy
  3781 | D:3      | Reached XP level 5. HP: 35/35 MP: 3/9
  3786 | D:3      | Learned a level 4 spell: Summon Lightning Spire
  4496 | D:4      | Reached skill level 1 in Air Magic
  5108 | D:4      | Reached XP level 6. HP: 34/41 MP: 6/10
  6075 | D:5      | Entered Level 5 of the Dungeon
  6127 | D:5      | Found a glowing drain.
  6128 | D:5      | Noticed Ijyb
  6130 | D:5      | Paralysed by Ijyb for 2 turns
  6149 | D:5      | Paralysed by Ijyb for 2 turns
  6154 | D:5      | Killed Ijyb
  6163 | Sewer    | Entered a sewer
  6330 | Sewer    | Gained mutation: You possess an exceptional clarity of
                  | mind. [potion of mutation]
  6330 | Sewer    | Gained mutation: You expend magic power (3 MP) to
                  | strengthen your wands. [potion of mutation]
  6330 | Sewer    | Slain by a kobold brigand

Illustrated notes

Levels and vault maps discovered:
D:1:      lightli_arrival_chessboard, layout_basic
D:2:      layout_loops_ring, dreamdust_ecumenical_altar_grove
D:3:      layout_loops_corners, gammafunk_temple_overflow_statue,
          nicolae_uskayaw_dance_hall
D:4:      minmay_door_path, layout_basic, hangedman_decor_clover_reticule
D:5:      layout_layer_cave, nicolae_hepliaklqana_hazy_memory,
          mainiacjoe_overflow_small_starburst, portal_sewer_entry_a,
          minmay_increasing_density, uniq_grinder, uniq_ijyb
Sewer:    sewer_co_tree

Skill      XL: |  1  2  3  4  5  6 |
---------------+-------------------+-----
Summonings     | 5 6 7 |  7.0
Spellcasting   | 3 |  3.0
Air Magic      | 3 4 |  4.3
Dodging        | |  2.1
Stealth        | |  1.7

Action                     |  1- 3 |  4- 6 || total
---------------------------+-------+-------++-------
  Melee: Unarmed           |    10 |       ||    10
         Punch             |     1 |       ||     1
         Dagger            |    29 |    44 ||    73
   Cast: Summon Small Mamm |    11 |       ||    11
         Call Imp          |    28 |    42 ||    70
         Call Canine Famil |     2 |    49 ||    51
    Use: Potion            |       |     1 ||     1
   Stab: Distracted        |       |     1 ||     1
 Armour: Robe              |    42 |    58 ||   100
  Dodge: Dodged            |    56 |    36 ||    92

Table legend: (Time is in decaauts)
 A = Elapsed time spent in this place.
 B = Non-inter-level travel time spent in this place.
 C = Inter-level travel time spent in this place.
 D = Time resting spent in this place.
 E = Time spent auto-exploring this place.
 F = Levels seen in this place.
 G = Mean time per level.
                   A        B        C        D        E       F      G
               +--------+--------+--------+--------+--------+-----+--------+
         Total |   6923 |   6761 |    162 |   1247 |   4265 |   6 | 1153.8 |
       Dungeon |   6750 |   6588 |    162 |   1207 |   4173 |   5 | 1350.0 |
         Sewer |    173 |    173 |      0 |     40 |     92 |   1 |  173.0 |
               +--------+--------+--------+--------+--------+-----+--------+

Top non-repeatable levels by time:
     D:3: 1971 daAuts
     D:4: 1876 daAuts
     D:1: 1661 daAuts
     D:2: 1143 daAuts
   Sewer: 173 daAuts
     D:5: 97 daAuts
